 Dungeon Crawl Stone Soup version 0.26.1-2-gb8aa6d0cf2 (webtiles) character file.

Game seed: 7229246992734157245

77159 Anomander the Bludgeoner (level 15, -7/103 HPs)
             Began as a Gargoyle Fighter on Feb 19, 2021.
             Was the Champion of Okawaru.
             Splashed by an oklob plant's acid (12 damage)
             ... on level 6 of the Lair of Beasts on Feb 22, 2021.
             The game lasted 03:24:33 (18582 turns).

Anomander the Bludgeoner (Gargoyle Fighter)        Turns: 18582, Time: 03:24:33

Health: -7/103     AC: 24    Str: 29    XL:     15   Next: 55%
Magic:  11/17      EV: 11    Int: 17    God:    Okawaru [******]
Gold:   1828       SH: 17    Dex:  9    Spells: 14/14 levels left

rFire    + . .     SeeInvis +   V - +4 demon whip of the Orcish Mines {vamp, rPois Will- Str+4 Int+3 Stlth+}
rCold    . . .     Faith    .   a - +2 kite shield
rNeg     + + .     Spirit   .   H - +4 plate armour {rF+}
rPois    ∞         Reflect  .   F - +1 hat {SInv}
rElec    +         Harm     .   k - +1 cloak "Conos" {Int+4}
rCorr    .         Rampage  .   j - +2 pair of gloves "Onidapoh" {rElec rC- Will+}
Will     +++..                  B - +0 pair of boots
Stlth    ..........             (no amulet)
HPRegen  0.27/turn              o - ring of willpower
MPRegen  0.15/turn              K - ring "Upahum" {Wiz *Slow rC+ rN+ Will+}

@: heroism, finesse, corroded
A: big wings, negative energy resistance 1, electricity resistance, unbreathing,
petrification resistance, miasma immunity, AC +11
a: Fly, Renounce Religion, Heroism, Finesse


You were on level 6 of the Lair of Beasts.
You worshipped Okawaru.
Okawaru was exalted by your worship.
You visited 3 branches of the dungeon, and saw 20 of its levels.
You also visited: Sewer, Ossuary and Bailey.

You collected 2320 gold pieces.
You spent 492 gold pieces at shops.

Inventory:

Hand Weapons
 A - the +6 whip of Ysuott {drain, MP+9 Int+3}
   (You found it on level 1 of the Lair of Beasts)

   A truly terrible weapon, it drains the life of those it strikes.
   It affects your intelligence (+3).
   It affects your magic capacity (+9).
 T - a +3 eveningstar of pain
 V - the +4 demon whip of the Orcish Mines (weapon) {vamp, rPois Will- Str+4 Int+3 Stlth+}
   (Okawaru gifted it to you on level 6 of the Lair of Beasts)

   It inflicts no extra harm, but heals its wielder when it wounds a living foe.
   It affects your strength (+4).
   It affects your intelligence (+3).
   It protects you from poison.
   It affects your willpower, your defense against some magical effects.
   It makes you more stealthy.
Missiles
 x - 6 silver javelins
 E - 4 boomerangs (quivered)
 M - 7 javelins
 P - 113 poisoned darts
 W - 6 atropa-tipped darts
Armour
 a - a +2 kite shield (worn)
 b - the +1 cloak "Nuile" {Will+ rCorr Str-4 Dex+8}
   (You bought it in a shop on level 6 of the Dungeon)

   It affects your strength (-4).
   It affects your dexterity (+8).
   It affects your willpower, your defense against some magical effects.
   It provides partial protection from all sources of acid and corrosion.
 j - the +2 pair of gloves "Onidapoh" (worn) {rElec rC- Will+}
   (Okawaru gifted it to you on level 6 of the Lair of Beasts)

   It makes you vulnerable to cold.
   It insulates you from electricity.
   It affects your willpower, your defense against some magical effects.
 k - the +1 cloak "Conos" (worn) {Int+4}
   (Okawaru gifted it to you on level 1 of the Lair of Beasts)

   It affects your intelligence (+4).
 B - a +0 pair of boots (worn)
 F - a +1 hat of see invisible (worn)
 H - a +4 plate armour of fire resistance (worn)
 U - the +18 shield of the Gong {rElec rN+ Will+ EV-5}
   (You found it on level 3 of the Lair of Beasts)

   It affects your evasion (-5).
   It insulates you from electricity.
   It protects you from negative energy.
   It affects your willpower, your defense against some magical effects.
Jewellery
 g - an uncursed ring of magical power
 o - a ring of willpower (left hand)
 q - the ring "Zegois" {rF+ Int-4 SInv}
   (You found it on level 1 of the Lair of Beasts)

   [ring of intelligence]

   It affects your intelligence (-4).
   It protects you from fire.
   It lets you see invisible.
 z - a +6 ring of dexterity
 K - the ring "Upahum" (right hand) {Wiz *Slow rC+ rN+ Will+}
   (You found it on level 6 of the Lair of Beasts)

   [ring of wizardry]

   It improves your spell success rate.
   It protects you from cold.
   It protects you from negative energy.
   It affects your willpower, your defense against some magical effects.
   It may slow you when you take damage.
Wands
 f - a wand of disintegration (11)
 p - a wand of polymorph (9)
 w - a wand of acid (9)
 G - a wand of flame (30)
 N - a wand of paralysis (9)
 Z - a wand of enslavement (10)
Scrolls
 c - a scroll of amnesia
 e - 2 scrolls of silence
 h - 16 scrolls of teleportation
 i - a scroll of brand weapon
 m - 4 scrolls of remove curse
 t - 5 scrolls of fear
 v - 6 scrolls of immolation
 y - a scroll of magic mapping
 J - a scroll of torment
 L - a scroll of enchant weapon
 O - a scroll of enchant armour
 Q - 2 scrolls of acquirement
 S - 4 scrolls of blinking
 Y - 2 scrolls of fog
Potions
 d - 3 potions of might
 l - 2 potions of cancellation {unknown}
 n - 11 potions of curing
 r - 5 potions of magic
 s - 3 potions of heal wounds
 u - 4 potions of attraction
 C - 9 potions of ambrosia
 D - 3 potions of lignification
 I - 2 potions of mutation
 R - 2 potions of resistance {unknown}
 X - 2 potions of degeneration {unknown}


   Skills:
 * Level 15.2(20.2) Fighting
 + Level 16.8(21.8) Maces & Flails
 + Level 5.9(10.9) Throwing
 + Level 9.1(14.1) Armour
 + Level 1.8(6.8) Dodging
 + Level 12.2(17.2) Shields
 + Level 2.8 Invocations
 + Level 1.4 Evocations


You had 14 spell levels left.
You didn't know any spells.
Your spell library contained the following spells:

 Spells                   Type           Power        Failure   Level
 Corona                   Hex            0%           45%         1
 Foxfire                  Conj/Fire      0%           45%         1
 Freeze                   Ice            0%           45%         1
 Magic Dart               Conj           0%           45%         1
 Summon Small Mammal      Summ           0%           45%         1
 Call Imp                 Summ           0%           61%         2
 Ensorcelled Hibernation  Hex/Ice        0%           61%         2
 Searing Ray              Conj           0%           61%         2
 Call Canine Familiar     Summ           0%           82%         3
 Confusing Touch          Hex            0%           82%         3
 Conjure Flame            Conj/Fire      0%           82%         3
 Dazzling Flash           Conj/Hex       0%           82%         3
 Frozen Ramparts          Ice            0%           82%         3
 Gell's Gravitas          Tloc           0%           82%         3
 Ignite Poison            Fire/Tmut/Pois 0%           82%         3
 Inner Flame              Hex/Fire       0%           82%         3
 Ozocubu's Armour         Ice            0%           82%         3
 Summon Guardian Golem    Hex/Summ       0%           82%         3
 Tukima's Dance           Hex            0%           82%         3
 Fulminant Prism          Conj/Hex       0%           99%         4
 Hailstorm                Conj/Ice       0%           99%         4
 Iskenderun's Mystic Bla  Conj/Tloc      0%           99%         4
 Petrify                  Tmut/Erth      0%           99%         4
 Sticky Flame             Conj/Fire      0%           99%         4
 Summon Ice Beast         Ice/Summ       0%           99%         4
 Summon Lightning Spire   Summ/Air       0%           99%         4
 Alistair's Intoxication  Tmut/Pois      0%           100%        5
 Fireball                 Conj/Fire      0%           100%        5
 Irradiate                Conj/Tmut      0%           100%        5
 Metabolic Englaciation   Hex/Ice        0%           100%        5
 Yara's Violent Unravell  Hex/Tmut       0%           100%        5
 Eringya's Noxious Bog    Tmut/Pois      0%           100%        6
 Sublimation of Blood     Necr           Unusable     N/A         2

Dungeon Overview and Level Annotations

Branches:
Dungeon (13/15)            Temple (1/1) D:5            Lair (6/6) D:9
  Swamp (0/4) Lair:2       Spider (0/4) Lair:4        Slime (0/5) Lair:6
    Orc (0/2) D:11         Vaults (0/5) D:13          Sewer (visited)
Ossuary (visited)          Bailey (visited)

Altars:
Ashenzari
Cheibriados
Dithmenos
Elyvilon
Fedhas
Gozag
Hepliaklqana
Kikubaaqudgha
Makhleb
Nemelex Xobeh
Okawaru
Qazlal
Ru
Sif Muna
Trog
Uskayaw
Vehumet
Wu Jian
Xom
Yredelemnul
Zin
The Shining One

Shops:
D:6 [   D:10 [

Portals:
Hell: Lair:6

Annotations:
Lair:6 3 runed translucent doors, exclusion: 2 oklob plants, SamuraiZach's ghost, journeyman MiFi


Innate Abilities, Weirdness & Mutations

You are resistant to torment.
Your stone body is resilient. (AC +11)
You are immune to poison.
Your large and strong wings let you fly indefinitely.
You resist negative energy. (rN+)
You are resistant to electric shocks. (rElec)
You can survive without breathing.
You are immune to petrification.
You are immune to miasma.


Message History

You hit the oklob plant.
The oklob plant is moderately damaged.
The oklob plant spits acid at you.
The splash of acid hits you but does no damage.
The acid corrodes you!
You are splashed with acid!
* * * LOW HITPOINT WARNING * * *
You thrash the oklob plant!!
The oklob plant is heavily damaged.
You hit the oklob plant but do no damage.
The oklob plant is heavily damaged.
You whack the oklob plant!
The oklob plant is severely damaged.
The oklob plant spits acid at you.
The splash of acid hits you but does no damage.
You are splashed with acid!
* * * LOW HITPOINT WARNING * * *
The oklob plant spits acid at you.
The splash of acid hits you but does no damage.
The acid corrodes you!
You are splashed with acid!
You die...

####### # #...[(# # ######
#P?..$####### ####
##.P#.#####@.?..##.##.#####
P..###P.P.##.#P#.....#.#..#..#P##
...............#.$..P#...........
...............#...P.##.....##..#
...........................##...#
..##..####............P#....#..P.
...#...##.............##....##...
........#.....#.......##.....#...
..#.....#......##.....#....P.....


You could see 2 oklob plants.

Vanquished Creatures
  Snorg (Lair:3)
  Fannar (D:12)
  4 boulder beetles
  A catoblepas (Lair:6)
  A centaur warrior (D:13)
  10 hydras
  3 two-headed ogres
  5 death yaks (Lair:3)
  A fire crab (Lair:6)
  The ghost of dscm the Reanimator, a novice DDNe of Okawaru (D:8)
  A sun demon (Lair:6)
  2 unseen horrors
  A wizard (Lair:6)
  A deep elf mage (D:13)
  2 necromancers (D:13)
  2 manticores
  2 oklob plants (Lair:6)
  12 elephants
  A smoke demon (Lair:6)
  3 black mambas
  3 gargoyles
  A torpor snail (Lair:5)
  4 rime drakes
  17 cane toads
  Maggie (D:7)
  14 komodo dragons
  3 ice devils (Lair:6)
  A yaktaur (D:13)
  2 orange demons (Lair:6)
  A demonic crawler (Lair:5)
  A kobold demonologist (D:13)
  A red devil (Lair:6)
  4 trolls
  A jumping spider (Lair:1)
  3 polar bears
  A queen bee (D:9)
  A wind drake (shapeshifter) (D:13)
  7 dream sheep
  9 blink frogs
  2 shadows (D:11)
  Sigmund (D:6)
  A redback (Lair:1)
  A tarantella (Lair:1)
  6 wyverns
  6 basilisks
  93 yaks
  3 wraiths
  3 steam dragons
  3 vampire mosquitoes (D:13)
  2 swamp worms (Lair:5)
  3 soldier ants
  A two-headed ogre zombie (D:11)
  An acid dragon (D:11)
  15 water moccasins
  4 hell hounds (Lair:6)
  A hornet zombie (D:5)
  An ice beast (D:4)
  9 orc warriors
  2 eyes of draining
  5 sky beasts
  2 black bears
  3 necrophages
  8 wolves
  6 ogres
  7 centaurs
  An elf zombie (Ossuary)
  A big kobold (D:12)
  26 bullfrogs
  2 wyvern zombies
  3 scorpions
  A wyvern skeleton (D:10)
  32 killer bees
  A troll zombie (D:11)
  7 wights
  3 bullfrog zombies
  14 jellies
  6 centaur zombies
  3 centaur skeletons
  7 hounds
  4 orc priests
  12 orc wizards
  4 bullfrog skeletons
  5 iguanas
  Terence (D:3)
  10 worker ants
  6 ogre zombies (D:11)
  A hound zombie (D:5)
  2 hound skeletons
  3 mummies
  A howler monkey zombie (D:5)
  A worker ant zombie (D:5)
  8 gnolls
  15 adders
  A hound simulacrum (D:8)
  3 shadow imps
  A white imp (D:9)
  3 ufetubi
  2 oozes
  An adder skeleton (D:6)
  2 adder zombies (Ossuary)
  4 worms
  6 dart slugs
  6 leopard geckos
  43 orcs
  6 ball pythons
  2 bats (D:2)
  6 giant cockroaches
  13 goblins
  3 hobgoblins
  12 jackals
  3 quokkas
  13 frilled lizards
  3 goblin skeletons (D:11)
  4 goblin zombies
  2 hobgoblin skeletons (D:11)
  5 hobgoblin zombies
  A jackal zombie (Ossuary)
  24 kobolds
  11 kobold zombies (Ossuary)
  2 leopard gecko skeletons
  4 orc skeletons (D:11)
  24 orc zombies
  A quokka skeleton (D:6)
  2 rats
712 creatures vanquished.

Vanquished Creatures (others)
  A human (D:8)
  33 fungi
  43 plants
77 creatures vanquished.

Grand Total: 789 creatures vanquished

Notes
Turn   | Place    | Note
-------+----------+-------------------------------------------
     0 | D:1      | Anomander the Gargoyle Fighter began the quest for the Orb.
     0 | D:1      | Reached XP level 1. HP: 14/14 MP: 1/1
    71 | D:1      | Found a sparkling altar of Nemelex Xobeh.
   102 | D:1      | Reached XP level 2. HP: 19/19 MP: 2/2
   376 | D:1      | Reached XP level 3. HP: 23/23 MP: 3/3
   817 | D:2      | Found a broken altar of Ashenzari.
   937 | D:2      | Found an opulent altar of Gozag.
  1018 | D:2      | Found a blossoming altar of Fedhas.
  1256 | D:3      | Found a glowing drain.
  1259 | D:3      | Noticed Terence
  1276 | D:3      | Killed Terence
  1277 | D:3      | Reached skill level 3 in Maces & Flails
  1277 | D:3      | Reached XP level 4. HP: 27/28 MP: 4/4
  1280 | Sewer    | Entered a sewer
  1714 | D:3      | Reached skill level 4 in Maces & Flails
  1714 | D:3      | Reached XP level 5. HP: 33/33 MP: 5/5
  2118 | D:3      | Found a radiant altar of Vehumet.
  2428 | D:4      | Noticed an ice beast
  2468 | D:4      | Killed an ice beast
  2469 | D:4      | Reached skill level 5 in Maces & Flails
  2469 | D:4      | Reached XP level 6. HP: 38/38 MP: 6/6
  2935 | D:5      | Entered Level 5 of the Dungeon
  2981 | D:5      | Found a sand-covered staircase.
  2997 | Ossuary  | Entered an ossuary
  3128 | Ossuary  | Reached XP level 7. HP: 32/43 MP: 7/7
  3130 | Ossuary  | Reached skill level 6 in Maces & Flails
  3351 | D:5      | Reached skill level 7 in Maces & Flails
  3396 | D:5      | Found a staircase to the Ecumenical Temple.
  3408 | Temple   | Entered the Ecumenical Temple
  3485 | Temple   | Became a worshipper of Warmaster Okawaru
  3644 | D:5      | Reached XP level 8. HP: 48/48 MP: 8/8
  3761 | D:5      | Reached skill level 5 in Shields
  3807 | D:5      | Found a hide-covered altar of Uskayaw.
  3841 | D:5      | Reached skill level 8 in Maces & Flails
  4249 | D:6      | Found a glowing golden altar of the Shining One.
  4298 | D:6      | Noticed Sigmund
  4302 | D:6      | Killed Sigmund
  4404 | D:6      | Found a sparkling altar of Nemelex Xobeh.
  4613 | D:6      | Found Sodoq's Antique Armour Emporium.
  4667 | D:6      | Reached skill level 9 in Maces & Flails
  4832 | D:7      | Noticed Maggie
  4848 | D:7      | Killed Maggie
  4848 | D:7      | Reached * piety under Okawaru
  4849 | D:7      | Reached XP level 9. HP: 46/53 MP: 9/9
  4897 | D:7      | Found a flagged portal.
  4907 | Bailey   | Entered a bailey
  4931 | Bailey   | Reached skill level 5 in Armour
  4940 | Bailey   | Reached skill level 5 in Fighting
  4942 | Bailey   | Reached skill level 10 in Maces & Flails
  4948 | Bailey   | Reached ** piety under Okawaru
  5464 | D:7      | Reached skill level 1 in Throwing
  5701 | D:7      | Found a broken altar of Ashenzari.
  5915 | D:7      | Found a shimmering blue altar of Sif Muna.
  5960 | D:7      | Reached *** piety under Okawaru
  5961 | D:7      | Reached skill level 1 in Evocations
  6117 | D:7      | Reached XP level 10. HP: 58/59 MP: 10/10
  6139 | D:8      | Reached skill level 11 in Maces & Flails
  6192 | D:8      | Found an ancient bone altar of Kikubaaqudgha.
  6233 | D:8      | Found a transporter.
  6314 | D:8      | Found a transporter.
  6352 | D:8      | Found a hazy altar of Hepliaklqana.
  6425 | D:8      | Found the +4 moon troll leather armour {Spirit, Regen++
                  | MP+5}
  6539 | D:8      | Noticed dscm's ghost (novice DDNe)
  6842 | D:9      | Reached **** piety under Okawaru
  6967 | D:9      | Noticed an elephant
  6991 | D:9      | Killed an elephant
  7006 | D:9      | Found a staircase to the Lair.
  7059 | D:9      | Reached skill level 12 in Maces & Flails
  7111 | D:9      | Reached ***** piety under Okawaru
  7329 | D:9      | Found a bloodstained altar of Trog.
  7490 | D:9      | Reached XP level 11. HP: 60/64 MP: 11/11
  7863 | D:10     | Entered Level 10 of the Dungeon
  8015 | D:10     | Noticed a two-headed ogre
  8035 | D:10     | Received a gift from Okawaru
  8037 | D:10     | Reached skill level 1 in Dodging
  8047 | D:10     | Killed a two-headed ogre
  8181 | D:10     | Found Jiotip's Armour Shoppe.
  8259 | D:10     | Reached skill level 13 in Maces & Flails
  8401 | D:10     | Noticed a two-headed ogre
  8416 | D:10     | Killed a two-headed ogre
  8842 | D:11     | Killed an unseen horror
  8884 | D:11     | Noticed a manticore
  9074 | D:11     | Found a staircase to the Orcish Mines.
  9093 | D:11     | Received a gift from Okawaru
 10020 | D:6      | Bought a glowing kite shield for 217 gold pieces
 10020 | D:6      | Bought a jewelled cloak for 275 gold pieces
 10041 | D:6      | Identified the +1 cloak "Nuile" {Will+ rCorr Str-4 Dex+8}
                  | (You bought it in a shop on level 6 of the Dungeon)
 10148 | D:8      | Killed dscm's ghost
 10149 | D:8      | Reached XP level 12. HP: 75/75 MP: 4/12
 10342 | D:12     | Reached skill level 14 in Maces & Flails
 10374 | D:12     | Noticed Fannar
 10405 | D:12     | Killed Fannar
 10454 | D:12     | Reached ****** piety under Okawaru
 10478 | D:12     | Noticed a boulder beetle
 10511 | D:12     | Killed a boulder beetle
 10681 | D:12     | Received a gift from Okawaru
 10878 | D:12     | Noticed an eight-headed hydra
 11325 | D:12     | Killed an eight-headed hydra
 11368 | D:13     | Found a white marble altar of Elyvilon.
 11536 | D:13     | Reached skill level 10 in Fighting
 11536 | D:13     | Reached skill level 1 in Invocations
 11629 | D:13     | Got a jewelled shortbow
 11660 | D:13     | Noticed a two-headed ogre
 11696 | D:13     | Killed a two-headed ogre
 11696 | D:13     | Received a gift from Okawaru
 11735 | D:13     | Found a gate to the Vaults.
 11742 | D:13     | Reached XP level 13. HP: 62/82 MP: 14/14
 12019 | D:13     | Reached skill level 15 in Maces & Flails
 12361 | D:11     | Identified the +8 shortbow of the Globe {freeze, rN+ Str+4}
                  | (You found it on level 13 of the Dungeon)
 12431 | Lair:1   | Entered Level 1 of the Lair of Beasts
 12457 | Lair:1   | Reached skill level 10 in Shields
 12865 | Lair:1   | Received a gift from Okawaru
 12866 | Lair:1   | Got a faintly humming cloak {god gift}
 12889 | Lair:1   | Identified the +1 cloak "Conos" {Int+4} (Okawaru gifted it
                  | to you on level 1 of the Lair of Beasts)
 12921 | Lair:1   | Found a runed translucent door.
 13240 | Lair:1   | Got a dazzling whip
 13274 | Lair:1   | Identified the +6 whip of Ysuott {drain, MP+9 Int+3} (You
                  | found it on level 1 of the Lair of Beasts)
 13301 | Lair:1   | Got a warped bone ring
 13309 | Lair:1   | Identified the cursed ring "Zegois" {rF+ Int-4 SInv} (You
                  | found it on level 1 of the Lair of Beasts)
 13492 | Lair:2   | Found a staircase to the Swamp.
 13856 | Lair:2   | Identified 2 scrolls of acquirement
 14018 | Lair:2   | Reached skill level 5 in Throwing
 14379 | Lair:3   | Found the +18 shield of the Gong {rElec rN+ Will+ EV-5}
 14651 | Lair:3   | Gained mutation: Your large and strong wings let you fly
                  | indefinitely. [Gargoyle growth]
 14651 | Lair:3   | Reached XP level 14. HP: 77/92 MP: 15/15
 15007 | Lair:3   | Reached skill level 16 in Maces & Flails
 15092 | Lair:3   | Noticed Snorg
 15121 | Lair:3   | Killed Snorg
 15311 | Lair:4   | Received a gift from Okawaru
 15742 | Lair:4   | Received a gift from Okawaru
 15977 | Lair:4   | Found a hole to the Spider Nest.
 17216 | Lair:5   | Found a sacrificial altar of Ru.
 17326 | Lair:6   | Entered Level 6 of the Lair of Beasts
 17404 | Lair:6   | Reached XP level 15. HP: 95/100 MP: 16/16
 17595 | Lair:6   | Received a gift from Okawaru
 17597 | Lair:6   | Got a translucent demon whip {god gift}
 17598 | Lair:6   | Identified the +4 demon whip of the Orcish Mines {vamp,
                  | rPois Will- Str+4 Int+3 Stlth+} (Okawaru gifted it to you
                  | on level 6 of the Lair of Beasts)
 17604 | Lair:6   | Found a runed translucent gate.
 17604 | Lair:6   | Found a runed translucent gate.
 17604 | Lair:6   | Found a runed translucent gate.
 17621 | Lair:6   | Noticed SamuraiZach's ghost (journeyman MiFi)
 17843 | Lair:6   | Found a burning altar of Makhleb.
 17894 | Lair:6   | Reached skill level 15 in Fighting
 17910 | Lair:6   | Received a gift from Okawaru
 17925 | Lair:6   | Got a pair of twisted gloves {god gift}
 17931 | Lair:6   | Identified the +2 pair of gloves "Onidapoh" {rElec rC-
                  | Will+} (Okawaru gifted it to you on level 6 of the Lair of
                  | Beasts)
 17946 | Lair:6   | Found a gateway to Hell.
 17958 | Lair:6   | Got a scintillating pewter ring
 17961 | Lair:6   | Identified the ring "Upahum" {Wiz *Slow rC+ rN+ Will+} (You
                  | found it on level 6 of the Lair of Beasts)
 18428 | Lair:6   | Found a staircase to the Slime Pits.
 18582 | Lair:6   | HP: 5/103 [acid (13)]
 18582 | Lair:6   | Splashed by an oklob plant's acid

Illustrated notes

Levels and vault maps discovered:
D:1:      minmay_arrival_split_and_join, layout_basic,
          nemelex_xobeh_ov_fountains_minmay
D:2:      layout_basic, nicolae_gozag_seed_capital,
          ashenzari_conservatory_becter, fedhas_altar_2
D:3:      layout_loops_cross, general_overflow_altar,
          cheibrodos_sewer_entry_drain, uniq_terence
D:4:      layout_loops_cross
D:5:      layout_loops_ring, kennysheep_mini, minmay_temple_entry_waves,
          gup_ossuary_entry_pyramid
D:6:      layout_loops_ring, nicolae_tso_carved_into_rock, marbit_many_paths,
          serial_shops, nicolae_shop_crystal, uniq_sigmund
D:7:      layout_basic, enter_bailey_2, basic_altar,
          nicolae_ashenzari_panopticon, uniq_maggie
D:8:      layout_loops_ring, old_standard_altar, gammafunk_ghost_mausoleum,
          tgw_kikubaaqudgha
D:9:      layout_loops_corners, david_lair_generic, basic_altar, special_room
          [special_room_bee], minmay_misc_feat_square, dk_noncrumbling_2,
          chequers_serial_rivers_micro_b
D:10:     layout_grid_maze, serial_shops, shop, special_room [special_room_orc],
          chequers_serial_rivers_large_a, grunt_ministairs_1
D:11:     layout_small_grid, zombieorc2_lemuel
D:12:     layout_cave_pools, uniq_fannar
D:13:     kennysheep_ambush_hall, layout_irregular_city, david_vaults_1,
          elyvilon_altar_5
Temple:   regret_index_temple_generic_petals
Lair:1:   gammafunk_indiana_jones, layout_chaotic_city, st_stairs_8,
          chequers_serial_rivers_micro_a
Lair:2:   layout_cave_pods, swamp_mist, minmay_stone_trees_small,
          hibernation_bobbens
Lair:3:   layout_roguey, minmay_stone_trees_large, uniq_snorg
Lair:4:   layout_cave_pods, spider_nest_entry_web_field, beast_lair_carwin_6,
          grunt_megastairs_4
Lair:5:   layout_layer_cave, basic_altar, worms_lemuel
Lair:6:   evil_forest, layout_regular_city, minmay_slime_entry_jelly_boxes,
          gammafunk_ghost_ooze, st_stairs_6, minmay_lair_oklob_chamber

Skill      XL: |  1  2  3  4  5  6  7  8  9 10 11 12 13 14 15 |
---------------+----------------------------------------------+-----
Maces & Flails | 3 4 5 7 9 10 12 13 14 15 16 | 16.8
Shields        | 4 5 6 7 8 9 10 11 12 | 12.2
Armour         | 4 5 6 7 8 9 |  9.1
Fighting       | 4 5 8 10 12 14 15 | 15.2
Throwing       | 2 3 4 5 |  5.9
Evocations     | 1 |  1.4
Dodging        | 1 |  1.8
Invocations    | 1 2 |  2.8

Action                   |  1- 3 |  4- 6 |  7- 9 | 10-12 | 13-15 || total
-------------------------+-------+-------+-------+-------+-------++-------
Melee: Flail             |    77 |   147 |       |       |       ||   224
       Morningstar       |       |   136 |   310 |   341 |       ||   787
       Eveningstar       |       |       |       |   477 |   844 ||  1321
       Demon whip        |       |       |       |       |   257 ||   257
Throw: Stone             |       |     4 |       |       |       ||     4
       Boomerang         |       |       |    66 |    15 |    42 ||   123
       Javelin           |       |       |     3 |     9 |    11 ||    23
       Dart              |       |       |       |    46 |    15 ||    61
Invok: Heroism           |       |       |       |     4 |     7 ||    11
       Finesse           |       |       |       |     3 |     5 ||     8
Evoke: Wand              |       |       |    14 |     7 |     4 ||    25
  Use: Scroll            |     2 |    10 |     4 |     4 |    10 ||    30
       Potion            |       |     1 |     2 |     2 |       ||     5
 Stab: Paralysed         |       |       |     4 |       |       ||     4
Armor: Scale mail        |    18 |       |       |       |       ||    18
       Plate armour      |     9 |   168 |   224 |   427 |   396 ||  1224
Dodge: Dodged            |     8 |    19 |    67 |   160 |   132 ||   386
Block: Kite shield       |    42 |   155 |   226 |   497 |   538 ||  1458
